 Dungeon Crawl Stone Soup version 0.25-a0-577-ga4619f409e (webtiles) character file.

Game seed: 5927974178176184537, levelgen mode: deterministic

5464 Flugslaktarn the Cleaver (level 10, 0/90 HPs)
             Began as a Minotaur Fighter on Mar 3, 2020.
             Was a Believer of Makhleb.
             Slain by a hell rat (1 damage)
             ... summoned by a deep elf mage
             ... on level 9 of the Dungeon.
             The game lasted 00:03:58 (7366 turns).

Flugslaktarn the Cleaver (Minotaur Fighter)         Turns: 7366, Time: 00:03:59

Health: 0/90       AC: 14    Str: 23    XL:     10   Next: 41%
Magic:  0/12       EV:  7    Int:  5    God:    Makhleb [**....]
Gold:   397        SH:  0    Dex: 11    Spells: 9/9 levels left

rFire    . . .     SeeInvis .   i - +2 battleaxe (curse)
rCold    . . .     Gourm    .   (shield currently unavailable)
rNeg     . . .     Faith    .   h - +1 plate armour
rPois    .         Spirit   +   (helmet restricted)
rElec    .         Reflect  .   v - scarf {Spirit}
rCorr    .         Harm     .   (no gloves)
MR       .....                  (no boots)
Stlth    ..........             (no amulet)
HPRegen  0.25/turn              (no ring)
MPRegen  0.13/turn              (no ring)

@: confused, heavily drained
A: retaliatory headbutt, horns 2
a: Minor Destruction, Renounce Religion


You were on level 9 of the Dungeon.
You worshipped Makhleb.
Makhleb was pleased with you.
You were not hungry.

You visited 2 branches of the dungeon, and saw 10 of its levels.
You also visited: Ossuary.

You collected 397 gold pieces.

Inventory:

Hand Weapons
 a - a +1 war axe
 i - a cursed +2 battleaxe (weapon)
   (You took it off a wight on level 8 of the Dungeon)
Missiles
 u - a throwing net (quivered)
Armour
 c - a +0 kite shield
 h - a +1 plate armour (worn)
   (You took it off an orc warrior on level 6 of the Dungeon)
 v - a scarf of spirit shield (worn)
   (You found it in an ossuary)
Jewellery
 b - an uncursed ring of ice
   (You found it on level 7 of the Dungeon)
Wands
 r - a wand of iceblast (7)
   (You found it on level 8 of the Dungeon)
Scrolls
 g - 3 scrolls of enchant weapon
 j - 2 scrolls of immolation
 t - 5 scrolls of teleportation
 x - a scroll of enchant armour
Potions
 d - 2 potions of might
 f - 2 potions of invisibility
 k - 2 potions of stabbing
 l - a potion of haste {unknown}
 m - a potion of brilliance {unknown}
 n - 2 potions of resistance
 o - a potion of mutation {unknown}
 q - a potion of curing
 s - 2 potions of berserk rage
 w - 4 potions of heal wounds
Comestibles
 e - 14 rations
 p - 2 chunks of flesh


   Skills:
 + Level 8.9(7.0) Fighting
 * Level 11.5(9.5) Axes
 + Level 9.0(7.1) Armour
 - Level 8.2(6.3) Shields
 + Level 4.5(2.9) Invocations


You had 9 spell levels left.
You didn't know any spells.
Your spell library was empty.

Dungeon Overview and Level Annotations

Branches:
Dungeon (9/15)             Temple (1/1) D:5         Ossuary (visited)
   Lair: D:8-11         Orc: D:9-12

Altars:
Ashenzari
Dithmenos
Elyvilon
Fedhas
Gozag
Hepliaklqana
Kikubaaqudgha
Makhleb
Nemelex Xobeh
Okawaru
Qazlal
Ru
Sif Muna
Trog
Uskayaw
Vehumet
Wu Jian
Xom
Yredelemnul
Zin
The Shining One

Shops:
D:4 (   D:8 %


Innate Abilities, Weirdness & Mutations

You reflexively headbutt those who attack you in melee.
You have a pair of horns on your head.


Message History

* * * LOW HITPOINT WARNING * * *
The hell rat bites you!
* * * LOW HITPOINT WARNING * * *
You feel drained.
* * * LOW HITPOINT WARNING * * *
The tarantella bites you.
* * * LOW HITPOINT WARNING * * *
You are more confused.
The demonic crawler hits you.
* * * LOW HITPOINT WARNING * * *
The demonic crawler closely misses you.
The demonic crawler hits you but does no damage.
In your confused state, you trip and fall back down the stairs.
* * * LOW HITPOINT WARNING * * *
The ynoxinul disappears in a puff of smoke!
The ufetubus disappears in a puff of smoke! x3
The hell rat bites you!
* * * LOW HITPOINT WARNING * * *
You feel drained.
You die...

......(.... #.)5......
#re†3..# #5.#.#.##
#.5._...# #5§#.#..####
###########4e.))......
.........s§r§.))..>...
########@s§###########
#.r.# #...# #...#
#...# ..... .......
.......


You could see a demonic crawler, a hellwing, a deep elf mage, a tarantella and 2
hell rats.

Vanquished Creatures
  A two-headed ogre (D:8)
  A spriggan (D:7)
  5 ice beasts
  An orc warrior (D:6)
  A phantom (D:8)
  3 sky beasts
  2 necrophages
  3 ogres
  3 centaurs (D:7)
  7 bullfrogs
  A wyvern zombie (D:6)
  3 water moccasin zombies (Ossuary)
  3 scorpions
  10 killer bees
  9 wights (D:8)
  A crimson imp (D:8)
  A howler monkey (D:4)
  2 bullfrog zombies
  A jelly (D:7)
  3 bullfrog skeletons
  5 orc priests
  5 hounds
  3 iguanas
  Natasha (thrice) (D:4)
  3 worker ants
  11 orc wizards
  3 big kobold zombies (Ossuary)
  A hound zombie (D:7)
  3 hound skeletons
  2 mummies (Ossuary)
  7 gnolls
  8 adders
  2 oozes
  6 adder zombies (Ossuary)
  3 adder skeletons
  4 worms (D:4)
  3 leopard geckos
  25 orcs
  4 giant cockroaches
  4 gnoll zombies (Ossuary)
  5 goblins
  5 hobgoblins
  A quokka (D:4)
  2 ball pythons
  4 bats
  A frilled lizard (D:5)
  5 hobgoblin zombies (Ossuary)
  A kobold (D:1)
  8 kobold zombies (Ossuary)
  7 orc zombies (Ossuary)
  2 quokka skeletons
  5 rats
212 creatures vanquished.

Notes
Turn   | Place    | Note
-------+----------+-------------------------------------------
     0 | D:1      | Flugslaktarn the Minotaur Fighter began the quest for the
                  | Orb.
     0 | D:1      | Reached XP level 1. HP: 19/19 MP: 0/0
   141 | D:2      | Reached XP level 2. HP: 27/27 MP: 1/1
   171 | D:3      | Reached skill level 3 in Axes
   240 | D:4      | Noticed a howler monkey
   247 | D:4      | Killed a howler monkey
   247 | D:4      | Reached XP level 3. HP: 33/33 MP: 2/2
   265 | D:4      | Reached XP level 4. HP: 36/40 MP: 3/3
   278 | D:4      | Reached skill level 4 in Axes
   320 | D:4      | Reached XP level 5. HP: 17/47 MP: 4/4
   528 | D:4      | Noticed an ice beast
   532 | D:4      | Killed an ice beast
   532 | D:4      | Reached skill level 5 in Axes
   638 | D:4      | Reached XP level 6. HP: 44/55 MP: 5/5
   658 | D:4      | Reached skill level 5 in Fighting
   658 | D:4      | Reached skill level 5 in Armour
   658 | D:4      | Reached skill level 5 in Shields
  1229 | D:4      | Noticed Natasha
  1232 | D:4      | Killed Natasha
  1263 | D:4      | Noticed a moth of wrath
  1266 | D:4      | Found a bloodstained altar of Trog.
  1519 | D:4      | Reached skill level 6 in Axes
  1551 | D:4      | Noticed Natasha
  1556 | D:4      | Killed Natasha
  1556 | D:4      | Reached XP level 7. HP: 58/61 MP: 6/6
  1572 | D:4      | Found a white marble altar of Elyvilon.
  1614 | D:4      | Found Lueju's Weapon Shoppe.
  1719 | D:4      | Found a blossoming altar of Fedhas.
  1719 | D:4      | Found a stormy altar of Qazlal.
  1719 | D:4      | Found a bloodstained altar of Trog.
  1719 | D:4      | Found a radiant altar of Vehumet.
  1787 | D:4      | Noticed Natasha
  1796 | D:4      | Killed Natasha
  1998 | D:5      | Entered Level 5 of the Dungeon
  1998 | D:5      | Found a sand-covered staircase.
  2011 | Ossuary  | Entered an ossuary
  2177 | Ossuary  | Reached skill level 7 in Axes
  2409 | D:5      | Found a hazy altar of Hepliaklqana.
  2447 | D:5      | Reached XP level 8. HP: 52/70 MP: 4/7
  2626 | D:5      | Found a shattered altar of Ashenzari.
  2699 | D:5      | Found a glowing golden altar of the Shining One.
  2728 | D:5      | Reached skill level 8 in Axes
  2885 | D:5      | Found a shadowy altar of Dithmenos.
  3088 | D:5      | Found a staircase to the Ecumenical Temple.
  3176 | Temple   | Entered the Ecumenical Temple
  3546 | Temple   | Became a worshipper of Makhleb the Destroyer
  3779 | D:6      | Reached skill level 1 in Invocations
  4762 | D:7      | Reached skill level 9 in Axes
  4833 | D:7      | Reached XP level 9. HP: 55/79 MP: 7/9
  4836 | D:7      | Reached * piety under Makhleb
  5154 | D:7      | Found an ancient bone altar of Kikubaaqudgha.
  5659 | D:7      | Reached skill level 10 in Axes
  6194 | D:8      | Found a stormy altar of Qazlal.
  6391 | D:8      | Reached ** piety under Makhleb
  6590 | D:8      | Reached XP level 10. HP: 88/88 MP: 11/11
  6777 | D:8      | Noticed a two-headed ogre
  6783 | D:8      | Killed a two-headed ogre
  6783 | D:8      | Reached skill level 11 in Axes
  6802 | D:8      | HP: 4/90 [orc wizard/+0 dagger (2)]
  7125 | D:8      | Found Jelly's Food Shoppe.
  7321 | D:9      | Found an iron altar of Okawaru.
  7342 | D:9      | Noticed a deep elf mage
  7366 | D:9      | HP: 1/90 [hell rat[a deep elf mage] (6)]
  7366 | D:9      | Slain by a hell rat

Levels and vault maps discovered:
D:1:      sevenhm_arrival_forest_fort_small_3, layout_rooms, item_on_display_a
D:2:      layout_basic, overflow_temple_1_default, first_ration
D:3:      layout_rooms, serial_glass, glass_columns_a, glass_columns_a,
          glass_columns_a, glass_columns_b, due_unseen_surprise,
          feat_on_display, item_on_display_a, item_on_display_a,
          ebering_ghost_rock_garden, uniq_terence, uniq_grinder
D:4:      cheibrodos_greedy_goblins, layout_basic, elyvilon_altar_1, minitemple,
          serial_shops, kennysheep_mini_moat, hangedman_abyss_or_decor_stabs,
          grunt_decor_resistance, tgw_trog, uniq_natasha
D:5:      layout_cave_pools, grunt_dithmenos_smoke_and_mirrors, kennysheep_mini,
          lemuel_crystal_altar, minmay_temple_entry_nine_rooms,
          nicolae_ossuary_entry_ruins, solitary_fountain,
          evilmike_ruin_ashenzari
D:6:      layout_basic
D:7:      layout_basic, basic_altar, the_bakery
D:8:      layout_basic, serial_shops, shop, grunt_qazlal_clouds
D:9:      layout_long_grid, nicolae_overflow_crystal_walls, serial_shops,
          nicolae_shop_statue_plus, okawaru_metal_pillars_1_2
Temple:   minmay_temple_forest_path

Skill      XL: |  1  2  3  4  5  6  7  8  9 10 |
---------------+-------------------------------+-----
Axes           | 3 4 5 6 7 9 10 11 | 11.5
Fighting       | 4 5 6 7 8 |  8.9
Armour         | 4 5 6 7 8 9 |  9.0
Shields        | 4 5 6 7 8 |  8.2
Invocations    | 1 3 4 |  4.5

Action                   |  1- 3 |  4- 6 |  7- 9 | 10-12 || total
-------------------------+-------+-------+-------+-------++-------
Melee: War axe           |    33 |   103 |   418 |       ||   554
       Headbutt          |     9 |    22 |    84 |    13 ||   128
       Battleaxe         |       |       |     5 |    91 ||    96
  Use: Scroll            |       |       |    16 |       ||    16
       Potion            |       |       |       |     3 ||     3
 Stab: Distracted        |       |       |     1 |       ||     1
  Eat: Chunk             |       |     2 |     7 |     2 ||    11
       Ration            |       |       |     3 |       ||     3
Armor: Scale mail        |     6 |       |       |       ||     6
       Chain mail        |    19 |    44 |    80 |       ||   143
       Plate armour      |       |       |   122 |    80 ||   202
Dodge: Dodged            |     3 |    25 |    92 |    45 ||   165
Block: Kite shield       |    11 |    65 |   240 |       ||   316

Table legend:
 A = Non-vault XP
 B = Vault XP
 C = Vault XP percentage of total XP
 D = Non-vault monster count
 E = Vault monster count
 F = Vault count percentage of total count
                 A         B        C        D         E       F
            +---------+---------+-------+---------+---------+-------
      Total |    7125 |     681 |   8.7 |     159 |      53 |  25.0
            +---------+---------+-------+---------+---------+-------
        D:1 |       9 |       0 |   0.0 |       6 |       0 |   0.0
        D:2 |       5 |       0 |   0.0 |       4 |       0 |   0.0
        D:3 |      13 |       0 |   0.0 |       1 |       0 |   0.0
        D:4 |     709 |      65 |   8.4 |      30 |      14 |  31.8
        D:5 |     788 |       0 |   0.0 |      18 |       0 |   0.0
        D:6 |     512 |       0 |   0.0 |      14 |       0 |   0.0
        D:7 |    1747 |     211 |  10.8 |      35 |       1 |   2.8
        D:8 |    2988 |       0 |   0.0 |      42 |       0 |   0.0
        D:9 |     354 |       0 |   0.0 |       9 |       0 |   0.0
    Ossuary |       0 |     405 | 100.0 |       0 |      38 | 100.0
            +---------+---------+-------+---------+---------+-------
